 Dungeon Crawl Stone Soup version 0.30-a0-967-g9b59a09336 (webtiles) character file.

Game seed: 17218184559956139580

137 Anarcat the Slasher (level 5, -9/44 HPs)
             Began as a Ghoul Gladiator on Mar 31, 2023.
             Killed by an exploding Sigmund (19 damage)
             ... ignited by their inner flame
             ... on level 3 of the Dungeon.
             The game lasted 00:10:43 (1958 turns).

Anarcat the Slasher (Ghoul Gladiator)               Turns: 1958, Time: 00:10:47

Health: -9/44      AC:  7    Str: 18    XL:     5   Next: 20%
Magic:  4/4        EV: 10    Int:  3    God:
Gold:   49         SH:  0    Dex: 12    Spells: 4/4 levels left

rFire   . . .      SeeInvis .    a - +0 long sword
rCold   + . .      Faith    .    q - orb {*Rage}
rNeg    + + +      Spirit   .    x - +0 scale mail
rPois   ∞          Reflect  .    c - +0 helmet
rElec   .          Rampage  .    (no cloak)
rCorr   .                        (no gloves)
Will    .....                    (no boots) Stlth
                                 (no amulet)
HPRegen 0.27/turn                i - +4 ring of slaying
MPRegen 0.09/turn                (no ring)

@: no status effects
A: claws 1, cold resistance 1, negative energy resistance 3, inhibited
regeneration, torment resistance 2, devour on kill
a: no special abilities


You were on level 3 of the Dungeon.
You visited 1 branch of the dungeon, and saw 3 of its levels.

You collected 49 gold pieces.

Inventory:

Hand Weapons
 a - a +0 long sword (weapon)
 k - a +0 sling
Missiles
 d - 4 throwing nets (quivered)
 e - a javelin
 f - 9 stones
Armour
 b - a +0 leather armour
 c - a +0 helmet (worn)
 q - an orb of wrath (worn)
 x - a +0 scale mail (worn)
Jewellery
 i - a +4 ring of slaying (left claw)
 u - a ring of protection from fire
 B - an amulet of the acrobat
Wands
 A - a wand of roots (5)
Scrolls
 j - a scroll of teleportation {unknown}
 m - a scroll of vulnerability {unknown}
 n - a scroll of identify {unknown}
 p - a scroll of enchant weapon {unknown}
 r - a scroll of enchant armour {unknown}
 t - a scroll of brand weapon {unknown}
 w - a scroll of noise {unknown}
 y - a scroll of blinking {unknown}
Potions
 g - a potion of flight {unknown}
 h - a potion of attraction {unknown}
 l - a potion of heal wounds {unknown}
 o - a potion of resistance {unknown}
 v - a potion of might {unknown}
 z - a potion of cancellation {unknown}


   Skills:
 + Level 2.8 Fighting
 + Level 4.0 Long Blades
 + Level 2.0 Throwing
 + Level 1.3 Armour
 + Level 3.4 Dodging
 + Level 0.1 Stealth


You had 4 spell levels left.
You didn't know any spells.
Your spell library was empty.

Dungeon Overview and Level Annotations

Branches:
Dungeon (3/15)

Altars:


Innate Abilities, Weirdness & Mutations

You are immune to poison.
You have sharp fingernails.
Your flesh is cold resistant. (rC+)
You are immune to negative energy. (rN+++)
You do not regenerate when monsters are visible.
You are immune to unholy pain and torment.
You thrive by killing the living.


Message History

You closely miss something. Something hits you but does no damage.
You hit something. Something hits you but does no damage.
You hear some strange, mumbled words.
Something tries to affect you, but you resist.
Something hits you but does no damage.
You hear some strange, mumbled words.
Something tries to affect you, but you resist.
Something hits you.
You miss something. Something hits you!
You slash something!
You hear some strange, mumbled words.
You are confused.
Something hits you but does no damage.
You bump into the rock wall.
You hear some strange, mumbled words.
A puff of flame appears from out of thin air!
The puff of flame hits you.
You're too confused to move!
Something hits you. Something hits you but does no damage.
You feel less confused. Something hits you.
* * * LOW HITPOINT WARNING * * *
You hear some strange, mumbled words.
Something tries to affect you, but you resist.
Something hits you but does no damage.
As you read the scroll of immolation, it crumbles to dust.
The creatures around you are filled with an inner flame!
Something hits you.
* * * LOW HITPOINT WARNING * * *
A ball python is nearby!
Something hits you.
* * * LOW HITPOINT WARNING * * *
You hit something.
You feel better.
Reactivating autopickup.
You feel a bit more experienced.
Sigmund explodes!
The fiery explosion engulfs the ball python!!!
You kill the ball python!
You feel better. The fiery explosion engulfs you!!
You die...

#######.#########.####..
...........>..........##
######.################
#.# #.# #.# #.#
###########§#
..........§@#
.....######§# ### #.#
#.# #.# #.# #.. ...


There were no monsters in sight!

Vanquished Creatures
  Sigmund (D:3)
  A bullfrog (D:3)
  Ijyb (D:3)
  2 adders (D:2)
  3 dart slugs (D:2)
  An orc (D:3)
  2 endoplasms
  A giant cockroach (D:3)
  5 goblins
  4 hobgoblins
  2 kobolds (D:2)
  3 ball pythons
  2 bats
  2 frilled lizards (D:3)
  4 rats
34 creatures vanquished.

Notes
Turn   | Place    | Note
-------+----------+-------------------------------------------
     0 | D:1      | Anarcat the Ghoul Gladiator began the quest for the Orb.
     0 | D:1      | Reached XP level 1. HP: 17/17 MP: 0/0
   190 | D:2      | Reached XP level 2. HP: 23/25 MP: 1/1
   231 | D:2      | Reached skill level 3 in Long Blades
   299 | D:2      | Reached XP level 3. HP: 29/30 MP: 2/2
   642 | D:2      | Found a faded altar of an unknown god.
  1203 | D:3      | Noticed a bullfrog
  1209 | D:3      | Killed a bullfrog
  1210 | D:3      | Reached skill level 1 in Armour
  1210 | D:3      | Reached XP level 4. HP: 31/37 MP: 3/3
  1592 | D:3      | Noticed Ijyb
  1605 | D:3      | Killed Ijyb
  1606 | D:3      | Reached skill level 4 in Long Blades
  1606 | D:3      | Reached XP level 5. HP: 11/44 MP: 4/4
  1929 | D:3      | Noticed Sigmund
  1957 | D:3      | HP: 1/44 [something (5)]
  1958 | D:3      | Killed Sigmund
  1958 | D:3      | Killed by an exploding Sigmund... ignited by their inner
                  | flame

Illustrated notes

Levels and vault maps discovered:
D:1:      erik_arrival_orb_chamber, layout_rooms
D:2:      layout_loops_corners, hellmonk_ecumenical_altar_blasted,
          kennysheep_boxes
D:3:      layout_loops_ring, minmay_misc_feat_hallway,
          kennysheep_big_empty_room, st_stairs_11, minmay_ruptured, uniq_ijyb,
          uniq_sigmund

Skill      XL: |  1  2  3  4 |
---------------+-------------+-----
Long Blades    | 3 4 |  4.0
Throwing       | 2 |  2.0
Dodging        | 3 |  3.4
Armour         | 1 |  1.3
Fighting       | |  2.8
Stealth        | |  0.1

Action                     |  1- 3 |  4- 6 || total
---------------------------+-------+-------++-------
  Melee: Long sword        |    36 |    48 ||    84
    Use: Potion            |       |     2 ||     2
         Scroll            |       |     1 ||     1
 Armour: Leather armour    |    12 |    17 ||    29
         Scale mail        |       |    12 ||    12
         Skin              |       |     3 ||     3
  Dodge: Dodged            |    30 |    65 ||    95

Table legend: (Time is in decaauts)
 A = Elapsed time spent in this place.
 B = Non-inter-level travel time spent in this place.
 C = Inter-level travel time spent in this place.
 D = Time resting spent in this place.
 E = Time spent auto-exploring this place.
 F = Levels seen in this place.
 G = Mean time per level.
                   A        B        C        D        E       F      G
               +--------+--------+--------+--------+--------+-----+--------+
         Total |   2018 |   2018 |      0 |    680 |    722 |   3 |  672.7 |
       Dungeon |   2018 |   2018 |      0 |    680 |    722 |   3 |  672.7 |
               +--------+--------+--------+--------+--------+-----+--------+

Top non-repeatable levels by time:
     D:2: 1207 daAuts
     D:3: 767 daAuts
     D:1: 44 daAuts
